 Dungeon Crawl Stone Soup version 0.23-a0-419-g0174fd8 (webtiles) character file.

10836 namelastname112 the Geomancer (level 11, -5/94 HPs)
             Began as a Grey Draconian Wanderer on Nov 12, 2018.
             Was a Priest of Vehumet.
             Slain by a minotaur
             ... wielding a +0 morningstar
              (18 damage)
             ... in a labyrinth.
             The game lasted 00:23:28 (11120 turns).

namelastname112 the Geomancer (DrWn)               Turns: 11120, Time: 00:23:28

Health: -5/94      AC: 17    Str: 12 (15) XL:     11   Next: 41%
Magic:  5/24       EV: 14    Int: 18 (19) God:    Vehumet [***...]
Gold:   713        SH:  0    Dex: 10 (13) Spells: 15/28 levels left

rFire    . . .     SeeInvis .   n - +4 quarterstaff (chaos)
rCold    . . .     Gourm    .   (shield currently unavailable)
rNeg     . . .     Faith    .   (armour unavailable)
rPois    .         Spirit   .   (helmet restricted)
rElec    .         Reflect  .   o - +1 cloak
rCorr    .         Harm     .   j - +0 pair of gloves
MR       .....     Rnd*Rage +   C - +1 pair of boots {Stlth+}
Stlth    +++.......             z - amulet of magic regeneration
HPRegen  0.25/turn              i - +6 ring of intelligence
MPRegen  0.44/turn              (no ring)

@: berserk cooldown
A: walk through water, unfitting armour, stinger 2, berserk 1, mutation
resistance 1, unbreathing, cold-blooded, AC +12
a: Renounce Religion


You were in a labyrinth.
You worshipped Vehumet.
Vehumet was most pleased with you.
You were not hungry.

You visited 2 branches of the dungeon, and saw 12 of its levels.
You also visited: Labyrinth.

You collected 713 gold pieces.

Inventory:

Hand Weapons
 a - a +2 mace
 h - a +0 dagger of venom
 n - a +4 quarterstaff of chaos (weapon)
Armour
 j - a +0 pair of gloves (worn)
 o - a +1 cloak (worn)
 C - a +1 pair of boots of stealth (worn)
Jewellery
 i - a +6 ring of intelligence (left hand)
 z - an amulet of magic regeneration (around neck)
Wands
 b - a wand of digging (3)
 p - a wand of iceblast (7)
Scrolls
 k - a scroll of magic mapping
 q - 2 scrolls of amnesia
 u - 6 scrolls of remove curse
 w - 5 scrolls of enchant armour
 B - 2 scrolls of enchant weapon
Potions
 d - 4 potions of brilliance
 e - 3 potions of lignification
 g - a potion of agility
 l - a potion of might
 t - a potion of curing
 A - a potion of degeneration
 F - a potion of flight
Miscellaneous
 y - a fan of gales
 D - a phial of floods (inert)
Comestibles
 f - 26 rations


   Skills:
 + Level 8.3 Fighting
 - Level 3.0 Maces & Flails
 + Level 6.6 Dodging
 - Level 1.7 Stealth
 + Level 9.3 Spellcasting
 * Level 4.2 Conjurations
   Level 2.0 Summonings
   Level 1.0 Fire Magic
 + Level 11.8 Earth Magic


You had 15 spell levels left.
You knew the following spells:

 Your Spells              Type           Power        Failure   Level  Hunger
a - Sandblast             Erth           ######       1%          1    None
c - Petrify               Tmut/Erth      ####....     8%          4    ###....
d - Lee's Rapid Deconstr  Erth           ######....   1%          5    #####..
s - Stone Arrow           Conj/Erth      #####.       1%          3    None

Your spell library contained the following spells:

 Spells                   Type           Power        Failure   Level  Hunger
 Olgreb's Toxic Radiance  Pois           #.......     22%         4    ###....
 Magic Dart               Conj           ###.         1%          1    None
 Passwall                 Tmut/Erth      ####....     1%          2    None
 Searing Ray              Conj           ###...       1%          2    None
 Throw Frost              Conj/Ice       ###...       1%          2    None
 Conjure Flame            Conj/Fire      ###.....     2%          3    None
 Summon Butterflies       Summ           ###.....     3%          1    None
 Summon Small Mammal      Summ           ###.         3%          1    None
 Dazzling Spray           Conj/Hex       ###...       3%          3    None
 Mephitic Cloud           Conj/Pois/Air  ##......     4%          3    None
 Iskenderun's Mystic Bla  Conj           ###.....     4%          4    ###....
 Call Imp                 Summ           ###.....     6%          2    None
 Inner Flame              Hex/Fire       ##......     6%          3    None
 Leda's Liquefaction      Hex/Erth       ####......   8%          4    ###....
 Animate Skeleton         Necr           N/A          9%          1    None
 Apportation              Tloc           #.....       9%          1    None
 Corona                   Hex            #......      9%          1    None
 Pain                     Necr           #...         9%          1    None
 Force Lance              Conj/Tloc      ###.....     10%         4    ###....
 Fulminant Prism          Conj/Hex       ###.......   10%         4    ###....
 Call Canine Familiar     Summ           ###.....     12%         3    None
 Blink                    Tloc           N/A          13%         2    None
 Ensorcelled Hibernation  Hex/Ice        #.....       13%         2    None
 Slow                     Hex            #.......     13%         2    None
 Lesser Beckoning         Tloc           #.........   26%         3    None
 Portal Projectile        Hex/Tloc       #.....       26%         3    None
 Regeneration             Chrm/Necr      #.........   26%         3    None
 Tukima's Dance           Hex            #.......     26%         3    None
 Vampiric Draining        Necr           #.........   26%         3    None
 Animate Dead             Necr           N/A          65%         4    ###....
 Cause Fear               Hex            #.........   65%         4    ###....
 Alistair's Intoxication  Tmut/Pois      #.......     94%         5    #####..
 Invisibility             Hex            #.......     100%        6    ######.


Dungeon Overview and Level Annotations

Branches:
Dungeon (11/15)            Temple (1/1) D:4            Lair (0/6) D:8
    Orc (0/2) D:9

Altars:
Ashenzari
Cheibriados
Dithmenos
Elyvilon
Fedhas
Gozag
Hepliaklqana
Kikubaaqudgha
Makhleb
Nemelex Xobeh
Okawaru
Qazlal
Ru
Sif Muna
Trog
Uskayaw
Vehumet
Wu Jian
Xom
Yredelemnul
Zin
The Shining One


Innate Abilities, Weirdness & Mutations

You can walk through water.
Your dull iron-grey scales are very hard. (AC +12)
You cannot fit into any form of body armour.
You can survive without breathing.
You are cold-blooded and may be slowed by cold attacks.
Your tail ends in a sharp poisonous barb.
You tend to lose your temper in combat.
You are somewhat resistant to further mutation.


Message History

Aim: a minotaur, wielding a +0 morningstar, wearing the +6 scale mail of The mass of ice explodes!!!
The iceblast engulfs the minotaur!
The minotaur is heavily wounded!
The minotaur struggles against the net!
Evoke which item? (* to show all) (? for menu, Esc to quit)
Aiming: Iceblast
Press: ? - help, Shift-Dir - straight line, f/p - minotaur
Aim: a minotaur, wielding a +0 morningstar, wearing the +6 scale mail of The mass of ice explodes!!!
The iceblast engulfs the minotaur!
The minotaur is heavily wounded!
The minotaur struggles against the net!
The net rips apart, and the minotaur comes free!!!
Evoke which item? (* to show all) (? for menu, Esc to quit)
Aiming: Iceblast
Press: ? - help, Shift-Dir - straight line, f/p - minotaur
Aim: a minotaur, wielding a +0 morningstar, wearing the +6 scale mail of The mass of ice explodes!!!
The iceblast engulfs the minotaur!
The minotaur is heavily wounded!
The minotaur hits you with a +0 morningstar!!!!!! rip

. . . #######
#.....# ### #
#.#.## # ..#
#.#.H.# # .#
# ## .#@#.# #
# #.#.....#.#
# #
###.#.###.###
. . .#( .
.#.#. # #H(..
... # # # #
...## ####...
. . #.# #≈
≈#.###### #
#.H# ≈ ≈ #..
. ..# .. #.##
.#


You could see a minotaur.

Vanquished Creatures
  A two-headed ogre (D:8)
  An orange crystal statue (D:9)
  An unseen horror (D:10)
  An ugly thing (D:8)
  A deep elf mage (D:10)
  A manticore (D:10)
  2 cyclopes
  2 trolls (D:10)
  A hornet (D:7)
  A merfolk (D:9)
  2 hippogriffs
  A yak (D:10)
  A hungry ghost (D:8)
  2 ice beasts
  A sky beast (D:6)
  2 phantoms
  9 orc warriors
  5 black bears
  4 ogres
  4 centaurs
  A big kobold (D:8)
  9 bullfrogs
  A wyvern zombie (D:10)
  A water moccasin zombie (D:10)
  3 scorpions
  4 killer bees (D:9)
  12 wights
  2 howler monkeys (D:5)
  2 lava snakes (D:9)
  3 crimson imps
  A centaur zombie (D:9)
  2 jellies
  A quasit (D:7)
  7 hounds
  Crazy Yiuf (D:2)
  9 orc wizards
  9 orc priests
  A centaur skeleton (D:5)
  3 iguanas
  8 worker ants
  A hound skeleton (D:9)
  A mummy (D:7)
  2 worker ant zombies
  A gnoll (D:9)
  2 howler monkey skeletons
  11 adders
  2 shadow imps
  2 oozes
  2 adder skeletons
  An adder zombie (D:9)
  2 worms (D:2)
  A dart slug (D:3)
  6 leopard geckos
  48 orcs
  5 bats
  12 giant cockroaches
  12 goblins
  13 hobgoblins
  12 jackals
  2 quokkas
  3 ball pythons
  6 frilled lizards
  2 jackal skeletons (D:4)
  16 kobolds
  6 rats
294 creatures vanquished.

Notes
Turn   | Place    | Note
-------+----------+-------------------------------------------
     0 | D:1      | namelastname112 the Draconian Wanderer began the quest for
                  | the Orb.
     0 | D:1      | namelastname112 set off with the following items: a +2
                  | mace, a +0 dagger, a ration; and the following spell
                  | memorised: Summon Small Mammal; and the following spells
                  | available to memorise: Call Canine Familiar, Ensorcelled
                  | Hibernation, Throw Frost
     0 | D:1      | Reached XP level 1. HP: 17/17 MP: 1/1
   103 | D:1      | Reached XP level 2. HP: 8/25 MP: 2/2
   106 | D:1      | Reached skill level 1 in Dodging
   699 | D:1      | Reached XP level 3. HP: 16/31 MP: 3/3
  1898 | D:2      | Found a shimmering altar of Xom.
  1977 | D:2      | Found a runed door.
  2037 | D:2      | Noticed Crazy Yiuf
  2045 | D:2      | Killed Crazy Yiuf
  2045 | D:2      | Reached XP level 4. HP: 32/40 MP: 4/4
  2666 | D:3      | Noticed a bullfrog
  2676 | D:3      | Killed a bullfrog
  2676 | D:3      | Reached XP level 5. HP: 27/47 MP: 5/5
  2804 | D:4      | Noticed an ogre
  2810 | D:4      | Killed an ogre
  2810 | D:4      | Reached skill level 5 in Fighting
  2810 | D:4      | Reached XP level 6. HP: 53/56 MP: 6/6
  2844 | D:4      | Found a staircase to the Ecumenical Temple.
  2869 | Temple   | Entered the Ecumenical Temple
  3243 | D:4      | Your scales start taking on a dull iron-grey colour.
  3243 | D:4      | Reached XP level 7. HP: 56/63 MP: 7/7
  3243 | D:4      | Gained mutation: You can survive without breathing. [Grey
                  | Draconian growth]
  3515 | D:5      | Entered Level 5 of the Dungeon
  3606 | D:5      | Reached skill level 5 in Dodging
  3832 | D:5      | Found a shadowy altar of Dithmenos.
  3844 | D:5      | Found a radiant altar of Vehumet.
  4468 | D:6      | Found a sacrificial altar of Ru.
  4545 | D:6      | Reached XP level 8. HP: 72/73 MP: 8/8
  4558 | D:6      | Learned a level 1 spell: Sandblast
  4596 | D:6      | Reached skill level 1 in Spellcasting
  4596 | D:6      | Reached skill level 1 in Earth Magic
  4622 | D:6      | Reached skill level 2 in Earth Magic
  4688 | D:6      | Reached skill level 3 in Earth Magic
  4845 | D:5      | Became a worshipper of Vehumet
  4907 | D:6      | Found a glowing golden altar of the Shining One.
  5118 | D:5      | Learned a level 3 spell: Stone Arrow
  5121 | D:6      | Reached skill level 4 in Earth Magic
  5310 | D:6      | Reached skill level 5 in Earth Magic
  5736 | D:7      | Noticed a hippogriff
  5751 | D:7      | Killed a hippogriff
  5751 | D:7      | Reached XP level 9. HP: 71/79 MP: 13/15
  5805 | D:7      | Found a snail-covered altar of Cheibriados.
  5903 | D:7      | Reached skill level 6 in Earth Magic
  6199 | D:7      | Found an iron altar of Okawaru.
  6274 | D:7      | Learned a level 5 spell: Lee's Rapid Deconstruction
  6444 | D:7      | Reached skill level 5 in Spellcasting
  6594 | D:8      | Noticed a cyan ugly thing
  6611 | D:8      | Reached skill level 7 in Earth Magic
  6629 | D:7      | Reached * piety under Vehumet
  6629 | D:7      | Offered knowledge of Freeze by Vehumet.
  7057 | D:8      | Found a glowing silver altar of Zin.
  7123 | D:8      | Noticed a two-headed ogre
  7147 | D:8      | Reached skill level 8 in Earth Magic
  7154 | D:8      | HP: 2/79 [two-headed ogre/+0 giant club (24)]
  7156 | D:8      | Killed a two-headed ogre
  7156 | D:8      | Reached skill level 9 in Earth Magic
  7355 | D:8      | Killed a cyan ugly thing
  7355 | D:8      | Reached XP level 10. HP: 85/86 MP: 1/20
  7481 | D:8      | Reached ** piety under Vehumet
  7492 | D:8      | Offered knowledge of Sting by Vehumet.
  7947 | D:8      | Found a white marble altar of Elyvilon.
  7950 | D:8      | Found a glowing golden altar of the Shining One.
  7953 | D:8      | Found an opulent altar of Gozag.
  7971 | D:8      | Found a staircase to the Lair.
  8174 | D:9      | Learned a level 4 spell: Petrify
  8243 | D:9      | Reached skill level 10 in Earth Magic
  8365 | D:9      | Noticed an orange crystal statue
  8368 | D:9      | Killed an orange crystal statue
  8450 | D:9      | Reached skill level 11 in Earth Magic
  8536 | D:9      | Offered knowledge of Throw Flame by Vehumet.
  8599 | D:9      | Found a staircase to the Orcish Mines.
  8948 | D:9      | Identified a scroll of acquirement
  8960 | D:10     | Entered Level 10 of the Dungeon
  8976 | D:10     | Reached skill level 1 in Conjurations
  9017 | D:10     | Reached *** piety under Vehumet
  9110 | D:10     | Reached XP level 11. HP: 75/94 MP: 12/24
  9119 | D:10     | Offered knowledge of Olgreb's Toxic Radiance by Vehumet.
  9441 | D:10     | Noticed a deep elf mage
 10218 | D:10     | Killed a deep elf mage
 10281 | D:10     | Killed an unseen horror
 10636 | D:11     | Found a labyrinth entrance.
 10648 | Lab      | Entered a labyrinth
 11005 | Lab      | Identified the +6 scale mail of Tenacity {rPois rF++
                  | Stlth+}
 11005 | Lab      | Identified the amulet "Afarr" {RegenMP +Blink rPois Dex-4}
 11005 | Lab      | Noticed a minotaur
 11058 | Lab      | Gained mutation: You tend to lose your temper in combat.
                  | [potion of mutation]
 11058 | Lab      | Gained mutation: Your tail ends in a poisonous barb.
                  | [potion of mutation]
 11058 | Lab      | Gained mutation: Your tail ends in a sharp poisonous barb.
                  | [potion of mutation]
 11058 | Lab      | Gained mutation: You are somewhat resistant to further
                  | mutation. [potion of mutation]
 11120 | Lab      | Slain by a minotaur

Vault maps used:
D:1:      ncdulo_watergridlock, serial_co_window_serial, co_window_paths_a,
          co_window_of_opportunity_a, co_window_paths_b,
          co_window_of_opportunity_a, co_window_corner_a, co_window_corner_ca,
          co_window_unsneaky_path_e, co_window_of_opportunity_b,
          co_window_corner_cb, co_window_of_opportunity_b, glass_columns_a,
          glass_columns_b, glass_columns_c, glass_columns_a, minmay_pentomino_s4
D:2:      overflow_temple_1_default, grunt_ministairs_1,
          corexii_item_surrounded_by_moat, dk_vineyard_2,
          uniq_crazy_yiuf_cottage
D:3:      st_stairs_5
D:4:      minmay_temple_entry_mist
D:5:      black_bear_nest_2, amethyst_overflow_temple_binary, first_ration,
          minivault_5, saegor_snake_ambush
D:6:      nicolae_ru_awakened_eye, tso_metal_star
D:7:      slow_altar_2, st_stairs_14, kennysheep_okawaru_gauntlet
D:8:      kennysheep_mini, grunt_temple_overflow_diamond, lair_entry_dummy
D:9:      orc_david_3, hangedman_fish_farm, disabler_island
D:10:     grunt_tough_drop
D:11:     basic_altar, lab_entry_generic, uniq_grum
Temple:   cyrus_circular_temple
Lab:      labyrinth_watery, labyrinth_fake_exit, labyrinth_skeletal_remains

Skill      XL: |  1  2  3  4  5  6  7  8  9 10 11 |
---------------+----------------------------------+-----
Dodging        | 1 2 3 4 5 6 |  6.6
Fighting       | 3 4 5 6 7 8 |  8.3
Spellcasting   | 4 7 9 |  9.3
Earth Magic    | 5 9 11 | 11.8
Conjurations   | 1 4 |  4.2
Maces & Flails | |  3.0
Stealth        | |  1.7
Summonings     | |  2.0
Fire Magic     | |  1.0

Action                   |  1- 3 |  4- 6 |  7- 9 | 10-12 || total
-------------------------+-------+-------+-------+-------++-------
Melee: Mace              |    40 |       |       |       ||    40
       Tailslap          |    13 |    11 |    42 |    17 ||    83
       Dagger            |    82 |       |       |       ||    82
       Quarterstaff      |       |    97 |   288 |   151 ||   536
Throw: Throwing net      |       |       |       |     2 ||     2
 Cast: Stone Arrow       |       |       |     8 |    65 ||    73
       Lee's Rapid Decon |       |       |     7 |    46 ||    53
       Petrify           |       |       |       |     1 ||     1
Evoke: Wand              |       |       |     1 |     7 ||     8
       Phial of floods   |       |       |       |     1 ||     1
  Use: Scroll            |       |       |    10 |     9 ||    19
       Potion            |       |       |     3 |    10 ||    13
 Stab: Sleeping          |     2 |     3 |     3 |     3 ||    11
       Invisible         |     2 |       |     1 |       ||     3
       Distracted        |     1 |       |       |       ||     1
       Petrified         |       |       |     4 |       ||     4
       Paralysed         |       |       |     6 |       ||     6
       Confused          |       |       |     1 |       ||     1
       Petrifying        |       |       |       |     1 ||     1
  Eat: Chunk             |     3 |     4 |    11 |    14 ||    32
       Ration            |       |       |     2 |     3 ||     5
Armor: Skin              |    20 |    32 |   145 |    87 ||   284
Dodge: Dodged            |    74 |    89 |   279 |   183 ||   625

Table legend:
 A = Non-vault XP
 B = Vault XP
 C = Vault XP percentage of total XP
 D = Non-vault monster count
 E = Vault monster count
 F = Vault count percentage of total count
                 A         B        C        D         E       F
            +---------+---------+-------+---------+---------+-------
      Total |   11745 |    3736 |  24.1 |     263 |      31 |  10.5
            +---------+---------+-------+---------+---------+-------
        D:1 |      40 |       4 |   9.1 |      23 |       2 |   8.0
        D:2 |      46 |      46 |  50.0 |      21 |       3 |  12.5
        D:3 |     126 |      14 |  10.0 |      16 |       2 |  11.1
        D:4 |     510 |       0 |   0.0 |      27 |       0 |   0.0
        D:5 |     272 |     139 |  33.8 |      17 |       4 |  19.0
        D:6 |    1258 |       0 |   0.0 |      20 |       0 |   0.0
        D:7 |    1140 |      40 |   3.4 |      22 |       5 |  18.5
        D:8 |    3084 |       0 |   0.0 |      38 |       0 |   0.0
        D:9 |    1929 |    1375 |  41.6 |      35 |       9 |  20.5
       D:10 |    2330 |    2118 |  47.6 |      36 |       6 |  14.3
       D:11 |    1010 |       0 |   0.0 |       8 |       0 |   0.0
            +---------+---------+-------+---------+---------+-------
